 Dungeon Crawl Stone Soup version 0.30.0-29-ga12c61a403 (webtiles) character file.

Game seed: 14216822447485300994

44 seaoflcl the Slasher (level 3, 0/9 (27) HPs)
             Began as a Demonspawn Reaver on June 4, 2023.
             Slain by an orc wizard
             ... wielding a +1 dagger of flaming
              (1 damage)
             ... on level 3 of the Dungeon.
             The game lasted 00:05:04 (1870 turns).

seaoflcl the Slasher (Demonspawn Reaver)            Turns: 1870, Time: 00:05:04

HP:   0/9 (27)      AC:  3    Str: 14    XL:     3   Next: 39%
MP:   6/6           EV: 11    Int: 14    God:
Gold: 81            SH:  0    Dex: 11    Spells: 5/6 levels left

rFire   . . .        a - +0 falchion
rCold   . . .        (no shield)
rNeg    . . .        b - +0 leather armour
rPois   .            (no helmet)
rElec   .            (no cloak)
rCorr   .            (no gloves)
SInv    .            (no boots)
Will    .....        (no amulet)
Stlth   +            (no ring)
HPRegen 0.21/turn    (no ring)
MPRegen 0.10/turn

%: no passive effects
@: confused, extremely drained
A: claws 1, foul stench 1
a: no special abilities


You were on level 3 of the Dungeon.
You visited 1 branch of the dungeon, and saw 3 of its levels.

You collected 81 gold pieces.

Inventory:

Hand Weapons
 a - a +0 falchion (weapon)
Missiles
 q - 4 poisoned darts
Armour
 b - a +0 leather armour (worn)
 n - a +0 ring mail
 v - a +0 helmet
Jewellery
 f - a ring of resist corrosion
 m - an amulet of magic regeneration
Scrolls
 d - a scroll of teleportation
 i - a scroll of poison {unknown}
 p - a scroll of immolation {unknown}
 r - a scroll of torment {unknown}
 s - 2 scrolls of noise
 t - a scroll of fear {unknown}
 u - a scroll of fog {unknown}
Potions
 c - a potion of flight {unknown}
 e - 3 potions of degeneration
 g - a potion of mutation {unknown}
 h - a potion of resistance {unknown}
 j - 2 potions of heal wounds
 k - 2 potions of curing
 l - 3 potions of lignification {unknown}
 o - a potion of ambrosia {unknown}


   Skills:
 + Level 2.1 Fighting
 + Level 3.3 Long Blades
 + Level 0.3 Armour
 + Level 2.1 Dodging
 * Level 2.4 Spellcasting
 + Level 3.1 Conjurations


You had 5 spell levels left.
You knew the following spells:

 Your Spells              Type           Power      Damage    Failure   Level
a - Kiss of Death         Conj/Necr      24%        2d7       16%         1

Your spell library contained the following spells:

 Spells                   Type           Power      Damage    Failure   Level
 Momentum Strike          Conj/Tloc      12%        3d8       24%         2
 Lesser Beckoning         Tloc           2%         N/A       41%         2
 Hailstorm                Conj/Ice       6%         3d4       43%         3
 Call Canine Familiar     Summ           1%         N/A       65%         3
 Gell's Gravitas          Tloc           1%         N/A       65%         3
 Portal Projectile        Hex/Tloc       2%         N/A       65%         3
 Teleport Other           Tloc           1%         N/A       65%         3
 Animate Dead             Necr           1%         N/A       96%         4
 Leda's Liquefaction      Hex/Erth       0%         N/A       96%         4
 Haunt                    Necr/Summ      0%         N/A       100%        7
 Infestation              Necr           0%         N/A       100%        8


Dungeon Overview and Level Annotations

Branches:
Dungeon (3/15)

Altars:

Shops:
D:1 *


Innate Abilities, Weirdness & Mutations

You have sharp fingernails.
You may rarely emit foul miasma when damaged in melee.


Message History

The orc wizard mumbles some strange words.
The orc wizard flickers and vanishes!
The frilled lizard attacks as you move away!
The frilled lizard bites you.
You emit a cloud of foul miasma!
The frilled lizard is engulfed in dark miasma.
The frilled lizard is poisoned.
You kill the frilled lizard!
The orc hits you but does no damage.
You closely miss the orc. The orc completely misses you.
You closely miss the orc. The orc misses you.
You hit the orc but do no damage. The orc barely misses you.
You hit the orc.
The orc is moderately wounded.
The orc barely misses you.
You slash the orc!
You kill the orc!
You hit something.
You hear some strange, mumbled words.
You are confused.
You're too confused to move!
You hear some strange, mumbled words.
You are more confused.
You're too confused to cast spells.
You bump into the rock wall.
You hear some strange, mumbled words.
You are more confused.
You miss something. Something hits you but does no damage.
An orc wizard appears from thin air!
Reactivating autopickup.
The orc wizard hits you with a +0 dagger.
You bump into the rock wall.
The orc wizard hits you but does no damage.
You bump into the rock wall.
Something hits you. Something burns you.
Deactivating autopickup; reactivate with Ctrl-A.
The orc wizard hits you with a +0 dagger.
* * * LOW HITPOINT WARNING * * *
You're too confused to cast spells.
You bump into the rock wall.
Something hits you.
You die...

## .# ## .###.. ####
..#.# ... #.#.#
#.####.#.### ##########
#......<...#
.........#####o....###..#
..........oo{@.##.## ...
.....=.....######.# .
.........^.# #.#
....$......# #.#
.......o...# #.#
...........# #..
..........#.. ...
.........##### ..........


You could see an orc wizard and 2 orcs.

Vanquished Creatures
  A dart slug (D:1)
  An orc (D:3)
  7 ball pythons
  6 endoplasms
  2 giant cockroaches
  3 hobgoblins
  2 kobolds (D:1)
  A quokka (D:2)
  5 bats
  3 frilled lizards
  4 goblins
  4 rats (D:1)
39 creatures vanquished.

Notes
Turn   | Place    | Note
-------+----------+-------------------------------------------
     0 | D:1      | seaoflcl the Demonspawn Reaver began the quest for the Orb.
     0 | D:1      | Reached XP level 1. HP: 16/16 MP: 3/3
   256 | D:1      | Gained mutation: You have sharp fingernails. [demonic
                  | ancestry]
   256 | D:1      | Reached XP level 2. HP: 9/15 MP: 5/5
   391 | D:1      | Found Tutog's General Store.
   762 | D:1      | Found a faded altar of an unknown god.
   946 | D:2      | Gained mutation: You may rarely emit foul miasma when
                  | damaged in melee. [demonic ancestry]
   946 | D:2      | Reached XP level 3. HP: 12/14 MP: 3/6
  1870 | D:3      | Slain by an orc wizard

Illustrated notes

Levels and vault maps discovered:
D:1:      dpeg_arrival_refuge, layout_loops_ring,
          hellmonk_ecumenical_altar_run_dry, serial_shops,
          nicolae_shop_real_fake_doors
D:2:      layout_loops_corners, kennysheep_pointless_box, minmay_octomino_c4
D:3:      layout_rooms, lemuel_tele_altar

Skill      XL: |  1  2 |
---------------+-------+-----
Dodging        | 2 |  2.1
Long Blades    | 3 |  3.3
Fighting       | |  2.1
Armour         | |  0.3
Spellcasting   | |  2.4
Conjurations   | |  3.1

Action                     || total
---------------------------++-------
  Melee: Falchion          ||   104
         Punch             ||     1
   Cast: Kiss of Death     ||     7
    Use: Scroll            ||     5
   Stab: Sleeping          ||     1
 Armour: Leather armour    ||    43
  Dodge: Dodged            ||    67
